 Dungeon Crawl Stone Soup version 0.20-a0-1116-gaa52201 (webtiles) character file.

730784 AlphabetPasta the Meteorologist (level 27, -15/166 HPs)
             Began as a Demonspawn Air Elementalist on May 1, 2017.
             Was the Champion of Sif Muna.
             Killed from afar by an orb of fire (78 damage)
             ... with a bolt of fire
             ... on level 5 of the Realm of Zot on May 7, 2017.
             The game lasted 15:09:02 (116304 turns).

AlphabetPasta the Meteorologist (DsAE)            Turns: 116304, Time: 15:09:03

Health: -15/166    AC: 25    Str: 13    XL:     27
Magic:  40/49      EV: 24    Int: 39    God:    Sif Muna [******]
Gold:   5229       SH:  8    Dex: 16    Spells: 5/71 levels left

rFire    . . .     SeeInvis +   a - staff of air
rCold    + + .     Gourm    .   x - +3 buckler {reflect}
rNeg     + . .     Faith    .   d - +2 robe {Archmagi}
rPois    .         Spirit   .   R - +2 helmet {SInv}
rElec    +         Reflect  +   y - +2 cloak
rCorr    .         Harm     .   (gloves unavailable)
MR       ++++.                  k - +2 pair of boots of Twilight {rC+ MR+ Dex-4}
Stlth    ++........             O - amulet of magic regeneration
Regen    0.4/turn               A - ring of Diecs {rElec MR+ Str+4 Int+5 Dex+3}
MPRegen  0.5/turn               f - ring of the Iron Devil {rC+ Int+5 Dex+3}

@: swift, tornado, sanguine armour, flying (expiring), very quick
A: claws 3, demonic guardian 3, frail 2, negative energy resistance 1, powered
by death 3, screaming 2, 50% torment resistance, black mark, MP-powered wands,
sanguine armour 3
}: 3/15 runes: decaying, serpentine, silver
a: Divine Energy, Channel Magic, Forget Spell, Renounce Religion


You were on level 5 of the Realm of Zot.
You worshipped Sif Muna.
Sif Muna was exalted by your worship.
You were not hungry.

You visited 11 branches of the dungeon, and saw 53 of its levels.
You visited the Abyss 1 time.
You visited 3 bazaars.
You also visited: Sewer, Bailey, Volcano and Wizlab.

You collected 8641 gold pieces.
You spent 3412 gold pieces at shops.

Inventory:

Armour
 d - a +2 robe of the Archmagi (worn)
 k - the +2 pair of boots of Twilight (worn) {rC+ MR+ Dex-4}
   (You acquired it on level 9 of the Dungeon)

   It affects your dexterity (-4).
   It protects you from cold.
   It affects your resistance to hostile enchantments.
 o - a +3 buckler of protection
 x - a +3 buckler of reflection (worn)
 y - a +2 cloak (worn)
 C - a +2 pair of boots of running
 N - a +1 robe of resistance
 R - a +2 helmet of see invisible (worn)
Magical Staves
 a - an uncursed staff of air (weapon)
 Q - an uncursed staff of conjuration
Jewellery
 f - the ring of the Iron Devil (right claw) {rC+ Int+5 Dex+3}
   (You acquired it on level 3 of the Swamp)

   [ring of dexterity]

   It affects your intelligence (+5).
   It affects your dexterity (+3).
   It protects you from cold.
 l - the ring of Wisdom {rF+ Str+4 Dex+3}
   (You found it on level 1 of the Swamp)

   [ring of dexterity]

   It affects your strength (+4).
   It affects your dexterity (+3).
   It protects you from fire.
 A - the ring of Diecs (left claw) {rElec MR+ Str+4 Int+5 Dex+3}
   (You bought it in a shop on level 5 of the Vaults)

   [ring of intelligence]

   It affects your strength (+4).
   It affects your intelligence (+5).
   It affects your dexterity (+3).
   It insulates you from electricity.
   It affects your resistance to hostile enchantments.
 D - an uncursed ring of resist corrosion
 O - an amulet of magic regeneration (around neck)
 S - an uncursed ring of poison resistance
Wands
 b - a wand of acid (7/15)
 p - a wand of iceblast (3/15)
 t - a wand of confusion (10/48)
 z - a wand of scattershot (4/9)
 E - a wand of digging (8/24)
 H - a wand of paralysis (4/24)
Scrolls
 e - 4 scrolls of enchant armour
 g - 3 scrolls of silence
 i - a scroll of blinking
 m - 23 scrolls of remove curse
 s - 17 scrolls of teleportation
 v - 2 scrolls of summoning
 L - 20 scrolls of identify
 M - 5 scrolls of recharging
Potions
 h - 6 potions of heal wounds
 n - 11 potions of curing
 w - 3 potions of invisibility
 B - 7 potions of agility
 F - 3 potions of cancellation
 K - 8 potions of haste
 X - 7 potions of flight
 Y - a potion of resistance
Miscellaneous
 q - a phial of floods
 I - a fan of gales
 J - 2 phantom mirrors
 T - 3 sacks of spiders
Comestibles
 c - 35 bread rations
 j - 4 chunks of flesh


   Skills:
 - Level 15.2 Fighting
 - Level 7.1 Staves
 - Level 15.1 Dodging
 - Level 1.7 Stealth
 - Level 5.4 Shields
 * Level 22.5 Spellcasting
 + Level 22.8 Conjurations
 * Level 17.8 Fire Magic
 O Level 27 Air Magic
 - Level 12.0 Invocations
 - Level 7.3 Evocations


You had 5 spell levels left.
You knew the following spells:

 Your Spells              Type           Power        Failure   Level  Hunger
a - Shock                 Conj/Air       ####         0%          1    None
b - Swiftness             Chrm/Air       ########     0%          2    None
c - Tornado               Air            #########.   1%          9    ####...
d - Airstrike             Air            #########.   0%          4    None
e - Lightning Bolt        Conj/Air       #########.   0%          5    None
f - Ignition              Fire           ########..   2%          8    None
g - Iskenderun's Mystic   Conj           ########     0%          4    None
h - Sticky Flame          Conj/Fire      ########     0%          4    None
i - Deflect Missiles      Chrm/Air       ########..   1%          6    None
j - Freezing Cloud        Conj/Ice/Air   #########.   1%          6    None
k - Chain Lightning       Conj/Air       #########.   1%          8    None
l - Orb of Destruction    Conj           ########..   1%          7    None
m - Blink                 Tloc           N/A          1%          2    None


Dungeon Overview and Level Annotations

Branches:
Dungeon (15/15)            Temple (1/1) D:6            Lair (6/6) D:11
  Swamp (4/4) Lair:3        Snake (4/4) Lair:2        Slime (0/5) Lair:6
    Orc (2/2) D:10            Elf (3/3) Orc:2        Vaults (5/5) D:14
  Crypt (3/3) Vaults:3     Depths (5/5) D:15            Zot (5/5) Depths:5
   Tomb: Crypt:3

Altars:
Ashenzari
Cheibriados
Dithmenos
Elyvilon
Fedhas
Gozag
Hepliaklqana
Kikubaaqudgha
Makhleb
Nemelex Xobeh
Okawaru
Qazlal
Ru
Sif Muna
Trog
Uskayaw
Vehumet
Wu Jian
Xom
Yredelemnul
Zin
The Shining One
Beogh
Jiyva

Shops:
D:8 ?   Orc:2 ?%?[:   Snake:2 !*([   Vaults:1 }   Vaults:2 *(%[   Vaults:4 :
Vaults:5 =

Portals:
Hell: Depths:1 Depths:2 Depths:3 Depths:4* Depths:5
Abyss: Depths:2 Depths:4 Depths:5
Pandemonium: Orc:2 Depths:1 Depths:2 Depths:3 Depths:4
Ziggurat: Depths:5

Annotations:
Crypt:3 Khufu
Zot:5 exclusion: obsidian statue


Innate Abilities, Weirdness & Mutations

You have claws for hands.
A powerful demonic guardian rushes to your aid.
You resist negative energy. (rN+)
You regenerate a lot of health from kills.
You are somewhat able to resist unholy torments (1 in 2 success).
Your melee attacks may debilitate your foes.
When seriously injured, your bleeding wounds create very thick armour. (AC +12)
You are very frail. (-20% HP)
You sometimes yell uncontrollably at your foes.
You expend magic power (3 MP) to strengthen your wands.


Message History

Confirm with . or Enter, or press ? or * to list all spells.
You feel a strong surge of power!
You feel quick.
You climb downwards.
Level annotation: exclusion: obsidian statue The orb of fire glows yellow.
The fireball explodes!
The fireball engulfs you!
Your blood congeals into armour.
There is a stone staircase leading up, spattered with blood here.
You see here Sif Muna's Catalogue of Displaced Bewitchment.
Casting: Swiftness
Confirm with . or Enter, or press ? or * to list all spells.
You feel a strong surge of power!
A great vortex of raging winds appears and lifts you up.
The orb of fire glows yellow.
The fireball explodes!
The fireball engulfs you!
* * * LOW HITPOINT WARNING * * *
You feel much better.
The orb of fire glows yellow.
The bolt of fire hits you!
You die...

#...# ###.....# #...# ##.......#
##...# #......### #....# #<..../#
##### #...⌠# #......###...#
#....# ####§§§§.#...### ##...#
#########§§§§.#.....###### #...#
#.....§§§§§§§..........^..
#...###.....§§§@§§§.............
#....#######§§§§§§§...).........
#....# #§2§§§§##.))#########
#....# #§§§§§§##......######
#..!###### #......⌠.............
#...##...# #..*.................
#...##...# #.....:.)[...........
##........######^................
.................................


You could see an orb of fire and a friendly cacodemon.

Vanquished Creatures
  6 orbs of fire
  Mennas (Depths:3)
  Mara (Vaults:5)
  3 ancient liches (Zot:5)
  2 juggernauts
  Sojobo (Depths:1)
  Boris (Depths:4)
  The ghost of Sergey the Demonologist, a veteran TeSu of Sif Muna (Vaults:5)
  Bai Suzhen (Swamp:4)
  A shard shrike (Zot:1)
  Frederick (Crypt:2)
  Saint Roka (Crypt:2)
  5 curse toes
  Vashnia (Snake:3)
  A Killer Klown (Zot:5)
  The ghost of ereinion the Shatterer, a veteran GrMo of Okawaru (Depths:5)
  Margery (Depths:5)
  10 golden dragons
  A golden dragon (shapeshifter) (Vaults:5)
  A profane servitor (Crypt:3)
  Nikola (Swamp:1)
  A bone dragon (Crypt:3)
  Jorgrun (Snake:3)
  4 electric golems
  10 tentacled monstrosities
  A hellephant (Abyss:2)
  12 Orb Guardians (Zot:5)
  3 titans (Vaults:5)
  2 deep elf master archers (Elf:3)
  3 deep elf blademasters
  6 liches
  Frances (Snake:1)
  6 quicksilver dragons
  5 sphinxes
  3 ancient champions
  8 death cobs
  A tentacled starspawn (Abyss:2)
  The ghost of moogleknight the Fighter, an adept DsAK of Lugonu (Swamp:4)
  14 shadow dragons
  15 storm dragons
  8 tengu reavers
  A revenant (Crypt:3)
  10 frost giants
  5 draconian monks
  10 nagarajas
  5 draconian knights
  10 fire giants
  2 orc warlords
  11 deep elf sorcerers
  An iron dragon (Depths:4)
  A cacodemon (Depths:4)
  21 vault wardens
  Aizul (Snake:3)
  12 draconian shifters
  3 ghost moths
  4 draconian stormcallers
  7 draconian scorchers
  A curse skull (Crypt:2)
  6 ghouls
  11 deep elf elementalists
  A stone giant (shapeshifter) (Vaults:2)
  2 draconian annihilators
  28 stone giants
  36 very ugly things
  2 war gargoyles (Depths:4)
  20 ironheart preservers
  10 deep elf demonologists
  18 green draconians
  An entropy weaver (Vaults:4)
  5 vampire knights
  Azrael (Snake:3)
  14 black draconians
  9 yellow draconians
  16 purple draconians
  20 red draconians
  9 white draconians
  An orange crystal statue (WizLab)
  6 deep elf annihilators (Elf:3)
  11 deep elf death magi
  4 eidola
  2 mummy priests (Crypt:3)
  8 ettins
  Josephine (Swamp:1)
  2 crystal guardians (Depths:4)
  11 yaktaur captains
  11 fire dragons
  19 jiangshi
  8 great orbs of eyes
  16 ice dragons
  A spectral golden dragon (Crypt:3)
  5 deep elf high priests
  26 hydras
  5 spriggan air magi
  9 rakshasas
  11 naga warriors
  A ghost crab (Swamp:3)
  36 vault guards
  A monstrous demonspawn (Depths:1)
  13 centaur warriors
  8 alligators
  33 dancing weapons
  5 death knights
  The ghost of three the Basher, a novice OgAs of Gozag (D:10)
  4 anacondas
  71 two-headed ogres
  25 ogre magi
  14 deep troll shamans
  5 tengu warriors
  19 naga sharpshooters
  5 orc high priests
  6 vampire magi
  A thrashing horror (Abyss:2)
  9 spriggan berserkers
  19 deep troll earth magi
  6 shock serpents
  A soul eater (Crypt:2)
  26 hell knights
  A storm dragon zombie (Crypt:1)
  A sun demon (Orc:2)
  The ghost of Wdx2 the Blocker, a novice GrFi (D:8)
  9 iron trolls
  6 shadow wraiths
  A fire crab (shapeshifter) (Vaults:4)
  A spark wasp zombie (Crypt:1)
  2 wretched stars (Abyss:2)
  54 deep trolls
  A sea snake (shapeshifter) (Vaults:5)
  29 deep elf knights
  29 skeletal warriors
  A titan skeleton (Crypt:1)
  5 spriggan druids
  7 flayed ghosts
  2 starcursed masses (Abyss:2)
  4 salamander mystics
  8 swamp dragons
  A gelid demonspawn (Orc:2)
  6 glowing orange brains
  A torturous demonspawn (Orc:2)
  4 unseen horrors
  12 ironbrand convokers
  2 shambling mangroves
  2 obsidian statues
  2 infernal demonspawn (Orc:2)
  4 naga ritualists
  3 wizards
  A harpy (shapeshifter) (D:15)
  22 deep elf archers
  A lindwurm (Lair:5)
  4 necromancers
  10 phantasmal warriors
  11 mana vipers
  4 harpies (Vaults:3)
  4 oklob plants (Lair:6)
  95 ugly things
  A shining eye (shapeshifter) (Vaults:4)
  A fire giant zombie (Crypt:1)
  A wolf spider (shapeshifter) (Depths:3)
  7 cyclopes
  82 deep elf magi
  4 human zombies (Vaults:2)
  20 orc knights
  A faun (shapeshifter) (Vaults:5)
  2 shadow dragon skeletons
  14 orc sorcerers
  19 salamanders
  9 wolf spiders
  24 moths of wrath
  15 elephants
  A moth of wrath (shapeshifter) (Depths:2)
  6 centaur zombies
  A worldbinder (Abyss:2)
  3 manticores
  A black mamba (shapeshifter) (D:15)
  Maurice (D:8)
  A stone giant skeleton (Depths:2)
  27 vault sentinels
  A spiny frog (shapeshifter) (Vaults:4)
  31 black mambas
  3 smoke demons
  30 naga magi
  4 guardian serpents
  2 emperor scorpion zombies
  3 gargoyles (Depths:4)
  20 spiny frogs
  A rime drake (Lair:6)
  A purple draconian zombie (Crypt:1)
  A red draconian zombie (Crypt:2)
  A yellow draconian zombie (Crypt:2)
  6 kobold demonologists
  A tormentor (Depths:1)
  An ancient zyme (Abyss:2)
  7 guardian mummies (Crypt:3)
  6 komodo dragons
  3 red devils
  A yaktaur (shapeshifter) (Vaults:1)
  60 yaktaurs
  A hellwing (Orc:2)
  A spriggan skeleton (Depths:2)
  A jumping spider (shapeshifter) (Depths:4)
  10 trolls
  A black draconian skeleton (Crypt:1)
  16 freezing wraiths
  6 tyrant leeches
  A meliai (shapeshifter) (D:15)
  6 tengu conjurers
  10 polar bears (Lair:6)
  Grinder (D:3)
  24 hornets
  The ghost of Geoffrax the Chopper, an amateur DgGl (D:7)
  An ice dragon zombie (Crypt:3)
  82 slime creatures
  3 raiju
  16 hippogriffs
  A blink frog (shapeshifter) (Vaults:3)
  18 blink frogs
  12 bog bodies
  5 dream sheep
  9 shadows
  A shock serpent simulacrum (Crypt:3)
  4 water elementals
  13 air elementals
  27 spriggans
  8 wyverns
  A vampire (D:14)
  52 flying skulls (Crypt:3)
  3 large abominations
  9 small abominations
  67 yaks
  5 ynoxinuls
  12 fire elementals
  2 hogs (shapeshifter)
  A yak (shapeshifter) (Depths:5)
  4 basilisks
  5 fire bats (Volcano)
  14 wraiths
  5 chaos spawn
  5 hungry ghosts
  A spriggan simulacrum (Depths:2)
  A warg (shapeshifter) (Depths:1)
  15 vampire mosquitoes
  2 neqoxecs
  9 wargs
  20 insubstantial wisps
  A soldier ant (D:15)
  An acid dragon (Vaults:1)
  62 nagas
  2 soldier ants (shapeshifter)
  38 swamp worms
  A spectral spiny frog (Crypt:3)
  21 water moccasins
  Duvessa (D:4)
  6 porcupines
  A floating eye (Depths:4)
  18 hell hounds
  2 hydra simulacra (Zot:1)
  2 hornet zombies
  4 ice beasts
  4 eyes of draining
  18 swamp drakes
  60 orc warriors
  2 phantoms
  7 sky beasts
  19 boggarts
  An ice dragon simulacrum (Vaults:1)
  61 ogres
  16 black bears
  10 necrophages
  A centaur (shapeshifter) (D:15)
  16 wolves
  A blink frog skeleton (Crypt:2)
  22 centaurs
  A dream sheep skeleton (Crypt:1)
  23 crocodiles
  A human skeleton (Vaults:2)
  11 big kobolds
  A fire crab zombie (Crypt:2)
  6 gnoll sergeants (D:10)
  20 bullfrogs
  2 water moccasin zombies
  4 earth elementals
  7 scorpions
  Dowan (D:4)
  A water moccasin skeleton (D:6)
  An elf simulacrum (Vaults:2)
  3 killer bees
  A yak skeleton (Crypt:2)
  15 wights
  5 howler monkeys
  4 electric eels
  6 lava snakes (Volcano)
  9 crimson imps
  4 quasits
  20 jellies
  39 orc priests
  11 hounds
  30 orc wizards
  2 bullfrog skeletons
  4 centaur skeletons
  An iron imp (Depths:1)
  2 iguanas
  7 worker ants
  Terence (D:2)
  4 lightning spires (Elf:2)
  A dwarf skeleton (Crypt:2)
  A hound zombie (D:5)
  2 hound skeletons
  A howler monkey zombie (D:5)
  A worker ant zombie (D:5)
  Robin (D:3)
  17 gnolls
  A howler monkey skeleton (D:10)
  4 river rats (Sewer)
  25 adders
  9 shadow imps
  2 white imps (Depths:1)
  2 ufetubi
  An ooze (D:6)
  2 adder skeletons
  5 worms
  2 ball lightnings (Elf:2)
  A dart slug (D:1)
  5 leopard geckos
  138 orcs
  2 ball pythons
  6 giant cockroaches
  40 goblins
  25 hobgoblins
  5 jackals
  8 quokkas
  2 bats
  13 frilled lizards
  2 gnoll zombies (D:6)
  37 kobolds
  A kobold skeleton (Crypt:2)
  A leopard gecko zombie (D:8)
  A quokka skeleton (D:6)
  11 rats
  A fungus (Lair:5)
  A lurking horror (Abyss:2)
  A plant (Lair:6)
3237 creatures vanquished.

Vanquished Creatures (collateral kills)
  An ancient lich (Zot:5)
  A storm dragon (Zot:4)
  A nagaraja (Snake:4)
  A vault warden (Vaults:5)
  A draconian shifter (Zot:4)
  An ironheart preserver (Vaults:1)
  2 green draconians
  A fire dragon (Depths:4)
  A centaur warrior (D:13)
  A death knight (D:13)
  3 two-headed ogres
  A deep troll earth mage (Depths:1)
  An ogre mage (Depths:1)
  A deep troll shaman (Depths:4)
  A shock serpent (Snake:2)
  A deep troll (Depths:4)
  An ugly thing (D:15)
  3 slime creatures
  A torpor snail (Lair:5)
  A yaktaur (Vaults:1)
  A raiju (Lair:6)
  A blink frog (Lair:3)
  3 yaks
  A naga (Snake:3)
  A swamp drake (Swamp:4)
  An orc warrior (Bailey)
  5 ogres
  A bullfrog (D:13)
  A howler monkey (D:4)
  An orc priest (Orc:2)
  A jelly (Lair:6)
  2 orc wizards
  A worker ant (D:14)
  An adder (D:8)
  3 orcs
  A hobgoblin (Bailey)
  A jackal (D:7)
51 creatures vanquished.

Vanquished Creatures (others)
  An Orb Guardian (Zot:5)
  A tengu reaver (Depths:1)
  A deep elf demonologist (Vaults:4)
  181 ball lightnings
  A deep elf mage (Elf:3)
  An orc sorcerer (Volcano)
  A spiny frog (Swamp:3)
  A freezing wraith (Vaults:5)
  A hell hound (Snake:3)
  A hound (D:11)
  An orc priest (Orc:2)
  A kobold (D:10)
  37 bushes (D:14)
  26 fungi
  18 plants
273 creatures vanquished.

Grand Total: 3561 creatures vanquished

Notes
Turn   | Place    | Note
-------+----------+-------------------------------------------
     0 | D:1      | AlphabetPasta the Demonspawn Air Elementalist began the quest for the Orb.
     0 | D:1      | Reached XP level 1. HP: 13/13 MP: 3/3
   271 | D:1      | Gained mutation: When seriously injured, your bleeding wounds create armour. (AC +12) [demonic ancestry]
   271 | D:1      | Reached XP level 2. HP: 19/19 MP: 0/5
   278 | D:1      | Learned a level 2 spell: Swiftness
   655 | D:1      | Reached skill level 3 in Air Magic
   922 | D:2      | Gained mutation: You regenerate a little health from kills. [demonic ancestry]
   922 | D:2      | Reached XP level 3. HP: 24/24 MP: 1/6
   927 | D:2      | Learned a level 3 spell: Static Discharge
  1389 | D:2      | Noticed Terence
  1419 | D:2      | Found a white marble altar of Elyvilon.
  1585 | D:2      | Gained mutation: A weak demonic guardian rushes to your aid. [demonic ancestry]
  1585 | D:2      | Reached XP level 4. HP: 30/30 MP: 1/8
  2227 | D:3      | Found a glowing drain.
  2236 | Sewer    | Entered a sewer
  2589 | Sewer    | Reached skill level 4 in Air Magic
  2589 | Sewer    | Reached XP level 5. HP: 35/35 MP: 1/9
  2595 | Sewer    | Learned a level 4 spell: Airstrike
  2883 | D:3      | Noticed Robin
  2886 | D:3      | Killed Robin
  3250 | D:3      | Noticed Grinder
  3260 | D:3      | Killed Grinder
  3260 | D:3      | Gained mutation: You have sharp fingernails. [demonic ancestry]
  3260 | D:3      | Reached XP level 6. HP: 41/41 MP: 6/11
  3300 | D:3      | Found a blossoming altar of Fedhas.
  3391 | D:3      | Found an iron altar of Okawaru.
  3519 | D:3      | Found a bloodstained altar of Trog.
  3520 | D:3      | Found a burning altar of Makhleb.
  4057 | D:4      | Reached skill level 5 in Air Magic
  4205 | D:4      | Gained mutation: You regenerate health from kills. [demonic ancestry]
  4205 | D:4      | Reached XP level 7. HP: 45/46 MP: 10/13
  4448 | D:4      | Found a snail-covered altar of Cheibriados.
  4454 | D:4      | Noticed Duvessa
  4456 | D:4      | Noticed Dowan
  4736 | D:4      | Killed Dowan
  4736 | D:4      | Reached skill level 6 in Air Magic
  4940 | D:4      | Killed Duvessa
  5092 | D:4      | Reached XP level 8. HP: 40/52 MP: 5/15
  5372 | D:4      | Reached skill level 1 in Shields
  5610 | D:5      | Entered Level 5 of the Dungeon
  6077 | D:5      | Reached skill level 5 in Spellcasting
  6247 | D:5      | Found a burning altar of Makhleb.
  6266 | D:5      | Reached skill level 7 in Air Magic
  6348 | D:5      | Reached skill level 5 in Conjurations
  6494 | D:5      | Found a shadowy altar of Dithmenos.
  6549 | D:5      | Got a fine glass ring
  6550 | D:5      | Identified the ring of Kynel {*Tele +Inv Int+2 Dex+3} (You found it on level 5 of the Dungeon)
  6848 | D:6      | Found a basalt altar of Yredelemnul.
  6967 | D:6      | Found a staircase to the Ecumenical Temple.
  6994 | Temple   | Entered the Ecumenical Temple
  7045 | Temple   | Became a worshipper of Sif Muna the Loreminder
  7063 | D:6      | Found an opulent altar of Gozag.
  7238 | D:6      | Reached skill level 1 in Invocations
  7508 | D:7      | Reached XP level 9. HP: 49/57 MP: 9/17
  7513 | D:7      | Noticed Geoffrax's ghost (amateur DgGl)
  7694 | D:7      | Found a glowing silver altar of Zin.
  7766 | D:7      | Killed Geoffrax's ghost
  7766 | D:7      | Reached skill level 8 in Air Magic
  7797 | D:7      | Found an ornate altar of the Wu Jian Council.
  7904 | D:7      | Found a glowing golden altar of the Shining One.
  7904 | D:7      | Found an ancient bone altar of Kikubaaqudgha.
  7905 | D:7      | Found a radiant altar of Vehumet.
  8026 | D:7      | Reached * piety under Sif Muna
  8283 | D:8      | Noticed Wdx2's ghost (novice GrFi)
  8443 | D:8      | Noticed a two-headed ogre
  8464 | D:8      | Killed a two-headed ogre
  8614 | D:8      | Killed Wdx2's ghost
  8614 | D:8      | Reached ** piety under Sif Muna
  8614 | D:8      | Reached skill level 9 in Air Magic
  8614 | D:8      | Reached XP level 10. HP: 63/63 MP: 6/19
  8716 | D:8      | Noticed Maurice
  8769 | D:8      | Killed Maurice
  8857 | D:8      | Reached skill level 5 in Invocations
  9658 | D:8      | Found Lamoqie's Magic Scroll Boutique.
  9684 | D:8      | Bought a scroll of torment for 97 gold pieces
  9684 | D:8      | Bought a scroll of identify for 26 gold pieces
  9684 | D:8      | Bought a scroll of identify for 26 gold pieces
  9684 | D:8      | Bought a scroll of identify for 26 gold pieces
  9684 | D:8      | Bought a scroll of identify for 26 gold pieces
 10193 | D:9      | Noticed a two-headed ogre
 10223 | D:9      | Killed a two-headed ogre
 10264 | D:9      | Found a flagged portal.
 10274 | Bailey   | Entered a bailey
 10325 | Bailey   | Reached skill level 10 in Air Magic
 10538 | Bailey   | Reached *** piety under Sif Muna
 10629 | Bailey   | Learned a level 5 spell: Lightning Bolt
 10701 | Bailey   | Noticed an orc knight
 10734 | Bailey   | Killed an orc knight
 11187 | Bailey   | Reached XP level 11. HP: 68/68 MP: 13/21
 11261 | Bailey   | Noticed an orc knight
 11281 | Bailey   | Killed an orc knight
 11482 | Bailey   | Noticed an orc warlord
 11665 | Bailey   | Killed an orc warlord
 11766 | D:9      | Identified 2 scrolls of acquirement
 11770 | D:9      | Got a pair of dazzling boots
 11776 | D:9      | Identified the +2 pair of boots of Twilight {rC+ MR+ Dex-4} (You acquired it on level 9 of the Dungeon)
 12238 | D:9      | Found a shattered altar of Ashenzari.
 12745 | D:10     | Entered Level 10 of the Dungeon
 12751 | D:10     | Reached skill level 1 in Staves
 12966 | D:10     | Reached **** piety under Sif Muna
 12999 | D:10     | Learned a level 5 spell: Lightning Bolt
 13234 | D:10     | Noticed three's ghost (novice OgAs)
 13274 | D:10     | Killed three's ghost
 13274 | D:10     | Reached skill level 11 in Air Magic
 13589 | D:10     | Found a staircase to the Orcish Mines.
 13596 | D:10     | Reached skill level 1 in Fighting
 14647 | D:10     | Reached ***** piety under Sif Muna
 14647 | D:10     | Received a gift from Sif Muna
 14658 | D:10     | Identified Sif Muna's Compendium of Combat Magic (Sif Muna gifted it to you on level 10 of the Dungeon)
 14658 | D:10     | Identified Sif Muna's Compendium of Combat Magic (Sif Muna gifted it to you on level 10 of the Dungeon)
 14834 | D:10     | Gained mutation: When seriously injured, your bleeding wounds create thick armour. (AC +12) [demonic ancestry]
 14834 | D:10     | Reached XP level 12. HP: 78/78 MP: 13/24
 15120 | D:10     | Learned a level 3 spell: Dazzling Spray
 15525 | D:11     | Noticed a two-headed ogre
 15551 | D:11     | Killed a two-headed ogre
 15830 | D:11     | Found a staircase to the Lair.
 16463 | D:11     | Noticed a two-headed ogre
 16471 | D:11     | Killed a two-headed ogre
 16652 | D:11     | Reached skill level 12 in Air Magic
 17196 | D:11     | Reached skill level 1 in Evocations
 17283 | Lair:1   | Entered Level 1 of the Lair of Beasts
 17603 | Lair:1   | Noticed a seven-headed hydra
 17624 | Lair:1   | Killed a seven-headed hydra
 17624 | Lair:1   | Reached skill level 5 in Dodging
 18986 | Lair:2   | Found a staircase to the Snake Pit.
 19450 | Lair:2   | Noticed a seven-headed hydra
 19453 | Lair:2   | Killed a seven-headed hydra
 19453 | Lair:2   | Reached XP level 13. HP: 85/85 MP: 10/26
 20522 | Lair:2   | Received a gift from Sif Muna
 20765 | Lair:3   | Found an opulent altar of Gozag.
 20831 | Lair:3   | Reached skill level 13 in Air Magic
 21715 | Lair:3   | Reached skill level 10 in Conjurations
 22006 | Lair:3   | Found a staircase to the Swamp.
 25387 | Lair:6   | Entered Level 6 of the Lair of Beasts
 25451 | Lair:6   | Found a staircase to the Slime Pits.
 25631 | Lair:6   | Reached skill level 10 in Spellcasting
 25852 | Lair:6   | Reached XP level 14. HP: 94/94 MP: 12/28
 26197 | Lair:6   | Identified Sora Vui's Tome of Creative Sinister Arts (Sif Muna gifted it to you on level 6 of the Lair of Beasts)
 26197 | Lair:6   | Received a gift from Sif Muna
 26572 | Lair:6   | Reached skill level 14 in Air Magic
 29855 | Orc:1    | Entered Level 1 of the Orcish Mines
 30917 | Orc:1    | Noticed an orc warlord
 30920 | Orc:1    | Killed an orc warlord
 31046 | Orc:2    | Entered Level 2 of the Orcish Mines
 31218 | Orc:2    | Found a roughly hewn altar of Beogh.
 31219 | Orc:2    | Found a dark tunnel.
 31233 | Orc:2    | Received a gift from Sif Muna
 31299 | Volcano  | Entered a volcano
 32436 | Volcano  | Found a burning altar of Makhleb.
 32467 | Volcano  | Identified a +2 pair of boots of running (You found it in a volcano)
 32966 | Orc:1    | Reached skill level 15 in Air Magic
 32966 | Orc:1    | Reached XP level 15. HP: 58/100 MP: 4/30
 34018 | Orc:2    | Found Wemuq's Food Shoppe.
 34458 | Orc:2    | Found Vymeut's Magic Scroll Emporium.
 35194 | Orc:2    | Bought a scroll of blinking for 105 gold pieces
 36209 | Orc:2    | Identified Sif Muna's Further Progress in Spellcraft (Sif Muna gifted it to you on level 2 of the Orcish Mines)
 36209 | Orc:2    | Received a gift from Sif Muna
 36300 | Orc:2    | Found Gustraw's Book Boutique.
 36300 | Orc:2    | Found a one-way gate leading to the halls of Pandemonium.
 36300 | Orc:2    | Found Feoqau's Antique Armour Shop.
 36414 | Orc:2    | Found Ybrityot's Magic Scroll Shoppe.
 36520 | Orc:2    | Bought a scroll of blinking for 105 gold pieces
 36692 | Orc:2    | Found a staircase to the Elven Halls.
 36864 | Orc:2    | Learned a level 4 spell: Iskenderun's Mystic Blast
 37622 | D:11     | Upgraded the game from 0.20-a0-1088-gd50b1d5 to 0.20-a0-1093-g7ae0f1a
 38888 | D:12     | Found a viscous altar of Jiyva.
 39304 | D:12     | Found a bloodstained altar of Trog.
 41263 | D:14     | Reached skill level 16 in Air Magic
 41391 | D:14     | Identified Sif Muna's Guide on the Nocuous Blaze (Sif Muna gifted it to you on level 14 of the Dungeon)
 41391 | D:14     | Received a gift from Sif Muna
 41400 | D:14     | Learned a level 4 spell: Sticky Flame
 41764 | D:14     | Found a gate to the Vaults.
 42052 | D:14     | Gained mutation: You have very sharp fingernails. [demonic ancestry]
 42052 | D:14     | Reached XP level 16. HP: 106/106 MP: 20/31
 42644 | D:14     | Found a white marble altar of Elyvilon.
 43081 | D:15     | Entered Level 15 of the Dungeon
 44443 | D:15     | Received a gift from Sif Muna
 44955 | D:15     | Found a staircase to the Depths.
 46005 | D:15     | Reached skill level 10 in Dodging
 46514 | D:2      | Killed Terence
 46766 | Lair:3   | Upgraded the game from 0.20-a0-1093-g7ae0f1a to 0.20-a0-1108-g6ae5986
 46767 | Swamp:1  | Entered Level 1 of the Swamp
 46767 | Swamp:1  | Noticed Josephine
 46769 | Swamp:1  | Killed Josephine
 47562 | Swamp:1  | Identified the ring of Wisdom {rF+ Str+4 Dex+3} (You found it on level 1 of the Swamp)
 47644 | Swamp:1  | Noticed Nikola
 47656 | Swamp:1  | Killed Nikola
 47698 | Swamp:1  | Reached skill level 17 in Air Magic
 48109 | Swamp:2  | Identified Sif Muna's Compendium of the Creative Voyage (Sif Muna gifted it to you on level 2 of the Swamp)
 48109 | Swamp:2  | Received a gift from Sif Muna
 48957 | Swamp:2  | Reached XP level 17. HP: 65/111 MP: 0/33
 51488 | Swamp:4  | Entered Level 4 of the Swamp
 51667 | Swamp:4  | Identified Sif Muna's Compendium of Attacks (Sif Muna gifted it to you on level 4 of the Swamp)
 51667 | Swamp:4  | Received a gift from Sif Muna
 51943 | Swamp:4  | Noticed moogleknight's ghost (adept DsAK)
 52013 | Swamp:4  | Killed moogleknight's ghost
 52404 | Swamp:4  | Noticed Bai Suzhen
 52478 | Swamp:4  | Killed Bai Suzhen
 53290 | Swamp:4  | Identified the cursed +0 leather armour "Meamis" {Int+3} (You took it off a spriggan on level 4 of the Swamp)
 53682 | Swamp:3  | Got a bound ivory ring
 53683 | Swamp:3  | Identified the ring of the Iron Devil {rC+ Int+5 Dex+3} (You acquired it on level 3 of the Swamp)
 53919 | Swamp:4  | Reached skill level 18 in Air Magic
 54258 | Swamp:4  | Got a decaying rune of Zot
 54431 | Snake:1  | Entered Level 1 of the Snake Pit
 54818 | Snake:1  | Noticed Frances
 54985 | Snake:1  | Killed Frances
 55206 | Snake:1  | Received a gift from Sif Muna
 55217 | Snake:1  | Learned a level 6 spell: Deflect Missiles
 55306 | Snake:1  | Gained mutation: You have claws for hands. [demonic ancestry]
 55306 | Snake:1  | Reached XP level 18. HP: 98/120 MP: 5/35
 55473 | Snake:1  | Reached skill level 5 in Fighting
 56398 | Snake:2  | Found Jaromum's Weapon Shoppe.
 56401 | Snake:2  | Found Caelefag's Antique Armour Shoppe.
 56401 | Snake:2  | Found Weneniy's Distillery.
 56407 | Snake:2  | Found Tafa's General Store.
 56462 | Snake:2  | Found a flickering gateway to a bazaar.
 56481 | Bazaar   | Entered a bazaar
 56481 | Bazaar   | Found Keker's Book Boutique.
 56481 | Bazaar   | Found Voato's Jewellery Shop.
 56481 | Bazaar   | Found Yhij's Armour Shoppe.
 56483 | Bazaar   | Found Wemaotud's Assorted Antiques.
 56483 | Bazaar   | Found Simiem's Jewellery Emporium.
 56491 | Bazaar   | Bought a scroll of blinking for 172 gold pieces
 56499 | Bazaar   | Bought a +1 buckler of protection for 214 gold pieces
 56682 | Snake:2  | Bought a potion of curing for 51 gold pieces
 56682 | Snake:2  | Bought a potion of brilliance for 68 gold pieces
 56682 | Snake:2  | Bought a potion of curing for 51 gold pieces
 56685 | Snake:2  | Bought a scroll of silence for 90 gold pieces
 57355 | Snake:3  | Noticed Jorgrun
 57368 | Snake:3  | Killed Jorgrun
 57663 | Snake:3  | Noticed Azrael
 57671 | Snake:3  | Killed Azrael
 57760 | Snake:3  | Noticed Aizul
 57775 | Snake:3  | Killed Aizul
 58422 | Snake:3  | Noticed Vashnia
 58605 | Snake:3  | Killed Vashnia
 60172 | Snake:4  | Entered Level 4 of the Snake Pit
 60334 | Snake:4  | Identified Sif Muna's Tome of the Glacier and Enhancements (Sif Muna gifted it to you on level 4 of the Snake Pit)
 60334 | Snake:4  | Received a gift from Sif Muna
 60348 | Snake:4  | Learned a level 6 spell: Freezing Cloud
 60383 | Snake:4  | Reached skill level 15 in Conjurations
 60392 | Snake:4  | Reached skill level 19 in Air Magic
 60890 | Snake:4  | Found a gateway to a bazaar.
 60894 | Bazaar   | Entered a bazaar
 60895 | Bazaar   | Found Wociullu's Antique Weapon Boutique.
 60900 | Bazaar   | Found Quxyd's Book Emporium.
 60910 | Bazaar   | Found Xykare's Assorted Antiques.
 60920 | Bazaar   | Bought a potion of heal wounds for 105 gold pieces
 60920 | Bazaar   | Bought a shiny helmet for 157 gold pieces
 60937 | Bazaar   | Found Eggilla's Jewellery Shop.
 62057 | Snake:4  | Gained mutation: When seriously injured, your bleeding wounds create very thick armour. (AC +12) [demonic ancestry]
 62057 | Snake:4  | Reached XP level 19. HP: 126/126 MP: 31/37
 63307 | Snake:4  | Identified Sif Muna's Almanac of Shape Shifting (Sif Muna gifted it to you on level 4 of the Snake Pit)
 63307 | Snake:4  | Received a gift from Sif Muna
 63468 | Snake:4  | Got a serpentine rune of Zot
 63709 | Vaults:1 | Entered Level 1 of the Vaults
 64282 | Vaults:1 | Reached skill level 5 in Staves
 65336 | Snake:3  | Identified Sif Muna's Collected Works on Unstable Enhancements (Sif Muna gifted it to you on level 3 of the Snake Pit)
 65336 | Snake:3  | Received a gift from Sif Muna
 65725 | Vaults:1 | Found Zujyhicwo's Gadget Emporium.
 66626 | Vaults:1 | Reached skill level 20 in Air Magic
 66780 | Vaults:1 | Reached skill level 15 in Spellcasting
 66927 | Vaults:1 | Gained mutation: You regenerate a lot of health from kills. [demonic ancestry]
 66927 | Vaults:1 | Reached XP level 20. HP: 133/133 MP: 10/39
 67496 | Vaults:2 | Found Hyeraite's Armour Shoppe.
 68027 | Vaults:1 | Learned a level 8 spell: Chain Lightning
 68106 | Vaults:2 | Received a gift from Sif Muna
 68111 | Vaults:2 | Identified Sif Muna's Grimoire of Self-Knowledge and Fire (Sif Muna gifted it to you on level 2 of the Vaults)
 68173 | Vaults:2 | Found Ogisiphu's Antique Weapon Emporium.
 68175 | Vaults:2 | Found Vomil's Assorted Antiques.
 68183 | Vaults:2 | Bought a scroll of blinking for 285 gold pieces
 68183 | Vaults:2 | Bought a scroll of magic mapping for 133 gold pieces
 68949 | Vaults:2 | Identified the cursed -4 pair of boots of Impressiveness {*Contam MP+9 SInv} (You found it on level 2 of the Vaults)
 69434 | Vaults:2 | Found an ancient bone altar of Kikubaaqudgha.
 69647 | Vaults:2 | Found Pyitorun's Food Boutique.
 71309 | Vaults:3 | Identified Sif Muna's Disquisition on Conjuration (Sif Muna gifted it to you on level 3 of the Vaults)
 71309 | Vaults:3 | Received a gift from Sif Muna
 71670 | Vaults:3 | Learned a level 6 spell: Conjure Ball Lightning
 72216 | Vaults:3 | Reached skill level 21 in Air Magic
 72216 | Vaults:3 | Reached XP level 21. HP: 115/138 MP: 8/40
 72317 | Vaults:3 | Found a staircase to the Crypt.
 72317 | Vaults:3 | Found an ancient bone altar of Kikubaaqudgha.
 72345 | Vaults:3 | Found a basalt altar of Yredelemnul.
 74317 | Vaults:4 | Received a gift from Sif Muna
 74602 | Vaults:4 | Reached skill level 5 in Evocations
 74732 | Vaults:4 | Upgraded the game from 0.20-a0-1108-g6ae5986 to 0.20-a0-1116-gaa52201
 76992 | Vaults:4 | Identified Sif Muna's Disquisition on Companions and Flight (Sif Muna gifted it to you on level 4 of the Vaults)
 76992 | Vaults:4 | Received a gift from Sif Muna
 77165 | Vaults:4 | Found Yrubequrgh's Book Boutique.
 77667 | Depths:1 | Entered Level 1 of the Depths
 77843 | Depths:1 | Gained mutation: A demonic guardian rushes to your aid. [demonic ancestry]
 77843 | Depths:1 | Reached XP level 22. HP: 126/144 MP: 24/42
 78042 | Depths:1 | Noticed Sojobo
 78139 | Depths:1 | Killed Sojobo
 78139 | Depths:1 | Reached ****** piety under Sif Muna
 78139 | Depths:1 | Reached skill level 22 in Air Magic
 78739 | Depths:1 | Identified Sif Muna's Incunabulum of Ghastly Battle Magic (Sif Muna gifted it to you on level 1 of the Depths)
 78739 | Depths:1 | Received a gift from Sif Muna
 79149 | Depths:1 | Found a gateway to Hell.
 81018 | Depths:2 | Identified Tazim's Collected Works on Combat Magic and the Escort (Sif Muna gifted it to you on level 2 of the Depths)
 81018 | Depths:2 | Received a gift from Sif Muna
 82506 | Depths:2 | Found a one-way gate to the infinite horrors of the Abyss.
 82509 | Depths:2 | Gained mutation: You resist negative energy. (rN+) [demonic ancestry]
 82509 | Depths:2 | Reached XP level 23. HP: 156/156 MP: 27/43
 83170 | Depths:3 | Identified Etiv's Handbook of Igneous Displacement (Sif Muna gifted it to you on level 3 of the Depths)
 83170 | Depths:3 | Received a gift from Sif Muna
 84472 | Depths:3 | Noticed Mennas
 84774 | Depths:3 | Killed Mennas
 84774 | Depths:3 | Reached skill level 23 in Air Magic
 85524 | Depths:4 | Noticed a juggernaut
 85528 | Depths:4 | Killed a juggernaut
 85749 | Depths:4 | Identified Sopoyxog's Reference Book on the Lethal Birds (Sif Muna gifted it to you on level 4 of the Depths)
 85749 | Depths:4 | Received a gift from Sif Muna
 85886 | Depths:4 | Gained mutation: You occasionally shout uncontrollably at your foes. [a cacodemon]
 88030 | Depths:4 | Received a gift from Sif Muna
 88030 | Depths:4 | Gained mutation: A powerful demonic guardian rushes to your aid. [demonic ancestry]
 88030 | Depths:4 | Reached XP level 24. HP: 158/163 MP: 4/44
 88239 | Depths:4 | Noticed Boris
 88254 | Depths:4 | Killed Boris
 88263 | Depths:4 | Got a shimmering graven amulet
 88274 | Depths:4 | Identified the amulet "Pint" {+Rage rN+ Int+3} (You found it on level 4 of the Depths)
 88315 | Depths:5 | Entered Level 5 of the Depths
 88467 | Depths:5 | Noticed ereinion's ghost (veteran GrMo)
 88494 | Depths:5 | Reached skill level 15 in Dodging
 88810 | Depths:5 | Found a flickering gateway to a bazaar.
 88818 | Bazaar   | Entered a bazaar
 88825 | Bazaar   | Found Pezel's Book Shoppe.
 88829 | Bazaar   | Found Koalel's Food Shop.
 88852 | Bazaar   | Found Hadwocuh's Antique Armour Shop.
 88859 | Bazaar   | Bought a twisted robe for 136 gold pieces
 88859 | Bazaar   | Identified the +0 robe of Failure {Regen+} (You bought it in a shop in a bazaar)
 88861 | Bazaar   | Found Zufurgh's Book Boutique.
 88866 | Bazaar   | Found Dothrol's Antique Weapon Boutique.
 88885 | Bazaar   | Bought a glowing buckler for 180 gold pieces
 89886 | Elf:1    | Entered Level 1 of the Elven Halls
 89997 | Elf:1    | Found a magical portal.
 90011 | WizLab   | Entered Wucad Mu's Monastery
 90027 | WizLab   | Learned a level 7 spell: Orb of Destruction
 90896 | Elf:1    | Found an ancient bone altar of Kikubaaqudgha.
 91177 | Elf:1    | Identified the Compendium of Creation
 91648 | Elf:2    | Reached skill level 24 in Air Magic
 91958 | Elf:2    | Identified Qeoneablo's Catalogue of Flight
 92332 | Elf:2    | Received a gift from Sif Muna
 92444 | Elf:2    | Found a runed gate.
 92444 | Elf:2    | Found a runed gate.
 92445 | Elf:2    | Found a runed gate.
 93843 | Elf:3    | Entered Level 3 of the Elven Halls
 94307 | Elf:3    | Reached skill level 10 in Fighting
 94691 | Elf:3    | Identified Nytin's Compendium of Dusty Protection (Sif Muna gifted it to you on level 3 of the Elven Halls)
 94691 | Elf:3    | Received a gift from Sif Muna
 94737 | Elf:3    | Reached XP level 25. HP: 178/179 MP: 15/45
 94753 | Elf:3    | Cast into level 2 of the Abyss (a deep elf sorcerer)
 94753 | Abyss:2  | Found a corrupted altar of Lugonu.
 95402 | Elf:3    | Escaped the Abyss
 95560 | Elf:3    | Identified the +9 spear of the Ecumenical Temple {elec, rC+} (You took it off a deep elf knight on level 3 of the Elven Halls)
 96608 | Vaults:2 | Identified Sif Muna's Guide on Battle Magic (Sif Muna gifted it to you on level 2 of the Vaults)
 96608 | Vaults:2 | Received a gift from Sif Muna
 96684 | Crypt:1  | Entered Level 1 of the Crypt
 97684 | Crypt:2  | Noticed Saint Roka
 97685 | Crypt:2  | Killed Saint Roka
 98173 | Crypt:2  | Noticed Frederick
 98173 | Crypt:2  | Killed Frederick
 98173 | Crypt:2  | Reached skill level 25 in Air Magic
 98680 | Crypt:3  | Entered Level 3 of the Crypt
 98763 | Crypt:3  | Identified Sif Muna's Tome of Attacks (Sif Muna gifted it to you on level 3 of the Crypt)
 98763 | Crypt:3  | Received a gift from Sif Muna
 99407 | Crypt:3  | Found an ancient bone altar of Kikubaaqudgha.
100418 | Crypt:3  | Gained mutation: You are somewhat able to resist unholy torments (1 in 2 success). [demonic ancestry]
100418 | Crypt:3  | Reached XP level 26. HP: 196/196 MP: 24/46
100554 | Crypt:3  | Noticed Khufu
101039 | Crypt:3  | Identified Cemoc's Incunabulum of Twisted Cold (Sif Muna gifted it to you on level 3 of the Crypt)
101039 | Crypt:3  | Received a gift from Sif Muna
101094 | Crypt:3  | Identified Qutav's Tome of Dark Rites
101280 | Vaults:5 | Entered Level 5 of the Vaults
101542 | Vaults:5 | Noticed Sergey's ghost (veteran TeSu)
101833 | Vaults:3 | Learned a level 9 spell: Tornado
101915 | Vaults:5 | Noticed Mara
101920 | Vaults:5 | Killed Sergey's ghost
101920 | Vaults:5 | Killed Mara
102087 | Vaults:5 | Received a gift from Sif Muna
102337 | Vaults:5 | Reached skill level 15 in Fighting
102631 | Vaults:5 | Reached skill level 26 in Air Magic
103747 | Vaults:5 | Reached skill level 1 in Fire Magic
104003 | Vaults:5 | Learned a level 2 spell: Blink
104151 | Vaults:5 | Identified Sif Muna's Reference Book on Execration and the Rocks (Sif Muna gifted it to you on level 5 of the Vaults)
104151 | Vaults:5 | Received a gift from Sif Muna
104760 | Vaults:5 | Found Todgh's Jewellery Shoppe.
104767 | Vaults:5 | Bought the ring of Diecs {rElec MR+ Str+4 Int+5 Dex+3} for 1359 gold pieces
104979 | Vaults:5 | Got a silver rune of Zot
105129 | Vaults:5 | Gained mutation: Your melee attacks may debilitate your foes. [demonic ancestry]
105129 | Vaults:5 | Reached XP level 27. HP: 204/208 MP: 38/46
105168 | Vaults:5 | Reached skill level 10 in Invocations
105454 | Vaults:5 | Identified Sif Muna's Incunabulum of Sinister Rituals and Arcane Weapons (Sif Muna gifted it to you on level 5 of the Vaults)
105454 | Vaults:5 | Received a gift from Sif Muna
106139 | Depths:5 | Killed ereinion's ghost
106755 | Depths:5 | Found a gateway to a ziggurat.
106780 | Depths:5 | Noticed a juggernaut
106782 | Depths:5 | Killed a juggernaut
106911 | Depths:5 | Noticed Margery
106911 | Depths:5 | Killed Margery
107050 | Depths:5 | Found a gate to the Realm of Zot.
107054 | Depths:5 | Identified Cimy's Collected Works on the Destructive Traveller (Sif Muna gifted it to you on level 5 of the Depths)
107054 | Depths:5 | Received a gift from Sif Muna
107871 | Zot:1    | Entered Level 1 of the Realm of Zot
107874 | Zot:1    | Reached skill level 10 in Fire Magic
107877 | Zot:1    | Noticed an orb of fire
107882 | Zot:1    | Killed an orb of fire
108087 | Zot:1    | Received a gift from Sif Muna
108310 | Zot:1    | Identified the +3 robe "Kausosiw" {Dex+4} (You found it on level 1 of the Realm of Zot)
109080 | Zot:2    | Identified Adism's Reference Book on Good Luck and Clay (Sif Muna gifted it to you on level 2 of the Realm of Zot)
109080 | Zot:2    | Received a gift from Sif Muna
109335 | Zot:2    | Reached skill level 27 in Air Magic
110021 | Zot:3    | Noticed an orb of fire
110025 | Zot:3    | Killed an orb of fire
110450 | Zot:3    | Received a gift from Sif Muna
110453 | Zot:3    | Identified Sif Muna's Incunabulum of the Glacier and Contamination (Sif Muna gifted it to you on level 3 of the Realm of Zot)
112993 | Zot:3    | Identified Sif Muna's Handbook of Burning Dark Secrets (Sif Muna gifted it to you on level 3 of the Realm of Zot)
112993 | Zot:3    | Received a gift from Sif Muna
113749 | Zot:4    | Identified Tiackolu's Almanac of Feathers and the Volcanoes (Sif Muna gifted it to you on level 4 of the Realm of Zot)
113749 | Zot:4    | Received a gift from Sif Muna
113749 | Zot:4    | Reached skill level 15 in Fire Magic
113948 | Zot:4    | Reached skill level 5 in Shields
114419 | Zot:4    | Learned a level 8 spell: Ignition
114424 | Zot:5    | Entered Level 5 of the Realm of Zot
114701 | Zot:5    | Noticed an ancient lich
114703 | Zot:5    | Identified Sif Muna's Grimoire of Arcane Weapons (Sif Muna gifted it to you on level 5 of the Realm of Zot)
114703 | Zot:5    | Received a gift from Sif Muna
114708 | Zot:5    | Killed an ancient lich
115002 | Zot:5    | Noticed an orb of fire
115005 | Zot:5    | Noticed an orb of fire
115005 | Zot:5    | Killed an orb of fire
115009 | Zot:5    | Gained mutation: You are frail. (-10% HP) [an orb of fire]
115011 | Zot:5    | Killed an orb of fire
115196 | Zot:5    | Noticed an ancient lich
115198 | Zot:5    | Killed an ancient lich
115356 | Zot:5    | Identified Sif Muna's Papyrus of Greatest Risks and Utility (Sif Muna gifted it to you on level 5 of the Realm of Zot)
115356 | Zot:5    | Received a gift from Sif Muna
115570 | Zot:5    | Noticed an orb of fire
115575 | Zot:5    | Noticed an ancient lich
115576 | Zot:5    | Noticed an orb of fire
115576 | Zot:5    | Killed an orb of fire
115580 | Zot:5    | Gained mutation: You are very frail. (-20% HP) [an orb of fire]
115583 | Zot:5    | Killed an ancient lich
115583 | Zot:5    | Gained mutation: You expend magic power (3 MP) to strengthen your wands. [an orb of fire]
115584 | Zot:5    | Killed an orb of fire
115713 | Zot:5    | Noticed an ancient lich
115716 | Zot:5    | Killed an ancient lich
116002 | Zot:5    | Identified Sif Muna's Catalogue of Displaced Bewitchment (Sif Muna gifted it to you on level 5 of the Realm of Zot)
116002 | Zot:5    | Received a gift from Sif Muna
116141 | Zot:5    | Noticed an orb of fire
116148 | Zot:5    | Gained mutation: You sometimes yell uncontrollably at your foes. [an orb of fire]
116304 | Zot:5    | Killed from afar by an orb of fire

Vault maps used:
D:1:      dpeg_arrival_long_road, serial_forest, infiniplex_forest_clump_small,
          infiniplex_forest_straight_2, infiniplex_forest_straight_1,
          infiniplex_forest_straight_4, infiniplex_forest_lined_corner,
          infiniplex_forest_side_room
D:2:      lemuel_doored_altar, minmay_tetromino_t2, uniq_terence
D:3:      lemuel_crystal_altar, gammafunk_temple_overflow_statue,
          portal_sewer_entry_d, st_stairs_14, serial_park_tiny_2,
          hangedman_decor_growths, fedhas_altar_3, uniq_robin, uniq_grinder
D:4:      kennysheep_little_box, first_bread, uniq_duvessa
D:5:      grunt_dithmenos_smoke_and_mirrors, lemuel_tele_altar
D:6:      lemuel_zombie_altar_yredelemnul, kennysheep_mini_moat,
          minmay_temple_entry_grid
D:7:      gammafunk_temple_overflow_claw, lemuel_coloured_pillars_altar,
          basic_altar
D:8:      serial_shops, nicolae_shop_waterfront, uniq_maurice
D:9:      ashenzari_altar_1, enter_bailey_8, the_bakery, nrook_mini_vaults,
          grunt_ministairs_7
D:10:     kennysheep_orc_monster_closet_entryway
D:11:     erik_lair_island
D:12:     kennysheep_ambush_hall, basic_altar, minmay_misc_feat_pillars,
          jiyva_altar_1
D:14:     erik_vaults_2, serial_park_square2, minmay_misc_feat_ornament
D:15:     gammafunk_enter_depths_forms, minmay_door_square,
          grunt_decor_resistance, st_stairs_13
Temple:   compressed_dpeg_triangle_lava_temple
Lair:1:   columned_hall_lemuel, infiniplex_staircase_pool
Lair:2:   kb_forest_paths, dummy_snake_entry
Lair:3:   nicolae_swamp_entry_splash_gauntlet, basic_altar
Lair:4:   grunt_megastairs_4
Lair:5:   dpeg_oklob_1
Lair:6:   hangedman_lair_caniforms_friends, minmay_slime_entry_jelly_boxes,
          serial_bayou_crossing, grunt_megastairs_5, minmay_lair_oklob_chamber,
          serial_bayou_shore_b
Swamp:1:  hangedman_swamp_pad, uniq_josephine, uniq_nikola
Swamp:2:  nicolae_swamp_rocky_clearing, infiniplex_staircase_pool_2
Swamp:3:  evilmike_swamp_ruin_house_6
Swamp:4:  swamp, swamp_pool1, uniq_bai_suzhen
Snake:1:  nicolae_coiled_stairwell_down, uniq_frances
Snake:2:  serial_shops, bzr_entry_islet, minmay_shoptagon
Snake:3:  grunt_megastairs_2, uniq_azrael, uniq_vashnia, uniq_jorgrun,
          uniq_aizul
Snake:4:  minmay_snake_end_coiled, serial_shops, statue_bzr
Orc:1:    elf_legates
Orc:2:    pf_orc_diabolical, nicolae_volcano_entry_two_sided, basic_altar,
          serial_shops, shop, minmay_orc_keep
Elf:1:    eino_elf_arrival_customs, infiniplex_enter_wizlab_glasses,
          basic_altar, minmay_elf_demonology
Elf:2:    grunt_ministairs_1, hangedman_research_electronics
Elf:3:    grunt_elf_hall_asides
Vaults:1: v_misc_14, nicolae_vaults_circle_grid_a, v_misc_9,
          nicolae_vaults_little_ls, ontoclasm_vaults_claustrophobia,
          vaults_room_semicircle, v_misc_28, v_misc_26, v_misc_18,
          nicolae_vaults_big_ls, ontoclasm_vaults_loading_screen,
          vaults_mumra_hex, ontoclasm_vaults_shuriken, serial_shops, shop
Vaults:2: dpeg_vaults_waves, vaults_standard_mumra_x,
          nicolae_vaults_little_squares_3, vaults_room_grid,
          nicolae_vaults_border_crossing, nicolae_vaults_ninety_degrees,
          v_misc_33, serial_shops, shop, shop, shop, shop, basic_altar
Vaults:3: hangedman_vaults_cutoff, minmay_crypt_entry_necro_gods,
          v_alt_pattern_1, v_misc_14, nicolae_vaults_asterisk,
          vaults_mumra_chevron, v_misc_18, v_misc_14,
          vaults_standard_mumra_lines, vaults_room_fours, v_alt_pattern_6
Vaults:4: grunt_vaults_diagonal, v_alt_pattern_4, v_misc_24, st_octagons_2,
          hangedman_vaults_capsules, nicolae_vaults_circle_grid_a,
          vaults_dpeg_diagonal, nicolae_vaults_network_s, vaults_room_hallway,
          v_pattern_4, hangedman_vaults_restitches, v_misc_9,
          ontoclasm_vaults_chip, vaults_room_hallway,
          grunt_vaults_hallway_short, ontoclasm_vaults_decontamination,
          serial_shops, nicolae_shop_stone
Vaults:5: uniq_mara
Crypt:2:  uniq_frederick, uniq_saint_roka, uniq_margery
Crypt:3:  grunt_crypt_end_deaths_head
Depths:1: nrook_pool_corridor, hell_entry, grunt_pan_entry_zigzag,
          hangedman_abyss_or_decor_lesser_grid, grunt_decor_mini_mirrors,
          uniq_sojobo
Depths:2: kennysheep_bubbly, kennysheep_small_spiral, pan_entry, abyss_entry,
          hangedman_tar_grid_catacomb, infiniplex_staircase_zigzag_5
Depths:3: nicolae_whirlpool, serial_column_ruins, column_ruins_hut,
          column_ruins_hut, column_ruins_columns_straight,
          column_ruins_corridor_straight, column_ruins_grid_1,
          column_ruins_grid_3, column_ruins_open_small, hell_entry,
          rand_demon_pan_entry_7, uniq_mennas
Depths:4: constructs_gauntlet_mu_hangedman, rand_demon_pan_entry_8, abyss_entry,
          serial_column_ruins, column_ruins_portal_astroid, column_ruins_hut,
          column_ruins_hut, column_ruins_columns_straight,
          column_ruins_columns_straight, column_ruins_columns_corner,
          column_ruins_open_small, column_ruins_columns_dead_end,
          column_ruins_open_small, column_ruins_columns_straight, hell_entry
Depths:5: grunt_zot_entry_tricorne, enter_ziggurat_f, serial_shops,
          bzr_in_the_mist, abyss_entry, grunt_metal_band
Zot:1:    hangedman_elemental_grid_stream
Zot:3:    kennysheep_spiral_hall, hangedman_snake_sidewinding
Bazaar:   bazaar_minmay_generic_island, bazaar_kb_twisted_cavern,
          bazaar_kb_twisted_cavern
Sewer:    sewer_co_cracked_pipes
Bailey:   bailey_axe_minmay_hex_keep, bailey
Volcano:  volcano_grotto
WizLab:   wizlab_wucad

Skill      XL: |  1  2  3  4  5  6  7  8  9 10 11 12 13 14 15 16 17 18 19 20 21 22 23 24 25 26 27 |
---------------+----------------------------------------------------------------------------------+-----
Air Magic      | 3 4 5 6 7 9 10 11 12 13 15 16 17 18 19 20 21 22 23 24 25 26 27 | 27.0
Conjurations   | 2 3 4 5 6 7 8 9 10 11 12 13 14 15 16 17 18 19 20 21 22 | 22.8
Spellcasting   | 3 4 5 6 7 8 9 10 11 12 13 14 15 16 17 18 19 22 | 22.5
Shields        | 2 4 5 |  5.4
Invocations    | 1 4 6 8 9 12 | 12.0
Dodging        | 3 4 5 6 8 9 10 11 12 13 14 15 | 15.1
Staves         | 2 3 4 6 7 |  7.1
Fighting       | 1 2 3 4 5 7 10 13 15 | 15.2
Evocations     | 2 3 4 5 7 |  7.3
Fire Magic     | 3 17 | 17.8
Stealth        | |  1.7

Action                   |  1- 3 |  4- 6 |  7- 9 | 10-12 | 13-15 | 16-18 | 19-21 | 22-24 | 25-27 || total
-------------------------+-------+-------+-------+-------+-------+-------+-------+-------+-------++-------
Melee: Short sword       |     6 |    20 |       |       |       |       |       |       |       ||    26
       Dagger            |       |       |    25 |    39 |       |       |       |       |       ||    64
       Unarmed           |       |       |       |    15 |       |       |       |       |       ||    15
       Staff             |       |       |       |    24 |   241 |   196 |   383 |   151 |   211 ||  1206
 Cast: Shock             |    72 |   139 |   324 |   618 |   994 |   413 |   183 |     4 |     2 ||  2749
       Static Discharge  |       |     6 |    16 |   148 |   310 |   239 |    99 |    22 |     2 ||   842
       Airstrike         |       |       |    12 |    42 |   157 |   253 |   108 |   293 |   174 ||  1039
       Swiftness         |       |       |     1 |     2 |     8 |     3 |     6 |     4 |    12 ||    36
       Lightning Bolt    |       |       |       |    17 |   151 |   263 |   219 |   131 |    18 ||   799
       Dazzling Spray    |       |       |       |    10 |     5 |     8 |       |       |       ||    23
       Iskenderun's Myst |       |       |       |       |    26 |   271 |   451 |   400 |   374 ||  1522
       Sticky Flame      |       |       |       |       |     6 |    38 |    54 |    14 |    33 ||   145
       Deflect Missiles  |       |       |       |       |       |    11 |     5 |     3 |     2 ||    21
       Freezing Cloud    |       |       |       |       |       |     2 |     5 |     2 |     6 ||    15
       Chain Lightning   |       |       |       |       |       |       |     7 |    71 |   278 ||   356
       Conjure Ball Ligh |       |       |       |       |       |       |    17 |    30 |     3 ||    50
       Orb of Destructio |       |       |       |       |       |       |       |     3 |    59 ||    62
       Tornado           |       |       |       |       |       |       |       |       |    31 ||    31
       Ignition          |       |       |       |       |       |       |       |       |     6 ||     6
       Blink             |       |       |       |       |       |       |       |       |     1 ||     1
Invok: Channel Magic     |       |       |       |     3 |     3 |    13 |     7 |     9 |    11 ||    46
       Forget Spell      |       |       |       |       |       |       |       |       |     1 ||     1
Evoke: Wand              |       |     1 |       |    13 |     9 |     9 |     9 |     3 |     3 ||    47
       Phantom mirror    |       |       |       |     1 |       |       |       |       |       ||     1
  Use: Scroll            |     3 |    10 |     5 |    16 |    11 |    14 |    13 |     8 |    22 ||   102
       Potion            |       |     1 |     4 |     2 |     8 |    15 |     2 |     5 |    11 ||    48
 Stab: Sleeping          |       |     1 |     2 |       |       |     1 |       |       |       ||     4
       Paralysed         |       |     3 |       |    29 |    18 |       |     3 |       |       ||    53
       Confused          |       |       |       |     1 |       |       |       |       |       ||     1
       Distracted        |       |       |       |       |     1 |       |     2 |       |     1 ||     4
  Eat: Chunk             |     3 |     6 |     7 |    27 |    68 |    47 |    37 |    47 |    37 ||   279
       Royal jelly       |       |     1 |     1 |     2 |     8 |    11 |     1 |     6 |     6 ||    36
       Fruit             |       |       |     2 |       |     5 |     4 |       |    18 |    13 ||    42
       Meat ration       |       |       |     1 |     2 |     1 |     2 |     3 |       |    12 ||    21
       Bread ration      |       |       |       |       |       |       |       |       |     1 ||     1
Armor: Robe              |     6 |     6 |    28 |    52 |   143 |    92 |    85 |   108 |   200 ||   720
       Skin              |       |       |       |     1 |       |       |       |       |       ||     1
Dodge: Dodged            |    10 |    28 |    35 |   147 |   520 |   500 |   465 |   360 |   459 ||  2524
       Deflected         |       |       |       |       |       |    51 |    85 |    55 |    65 ||   256
Block: Buckler           |       |       |     5 |   120 |   348 |   204 |   227 |   170 |   175 ||  1249
       Reflection        |       |       |       |     7 |    25 |       |       |       |       ||    32
